 Dungeon Crawl Stone Soup version 0.18.1-50-g88ac8fd (webtiles) character file.

10 Amnesiac the Skirmisher (level 2, -7/36 HPs)
             Began as a Merfolk Fighter on Mar 3, 2018.
             Killed by divine providence
             ... invoked by an orc priest
              (11 damage)
             ... on level 3 of the Dungeon.
             The game lasted 00:00:57 (218 turns).

Amnesiac the Skirmisher (Merfolk Fighter)            Turns: 218, Time: 00:00:57

Health: -7/36      AC: 21    Str: 21    XL:     2   Next: 20%
Magic:  2/2        EV:  2    Int:  7    God:
Gold:   8          SH:  9    Dex: 13    Spells: 0 memorised, 1 level left

rFire  . . .     SeeInvis .     a - +0 trident
rCold  . . .     Gourm    .     (armour currently unavailable)
rNeg   + + +     Faith    .     c - +0 shield
rPois  +         Spirit   .     (helmet currently unavailable)
rElec  .         Dismiss  .     (cloak currently unavailable)
rCorr  .         Reflect  .     (gloves currently unavailable)
SustAt .         Harm     .     (boots currently unavailable)
MR     .....     NoTele   +     (no amulet)
Stlth  +.........               (no ring)
                                (no ring)

@: mighty, tree-form, not resistant to hostile enchantments, very unstealthy
A: (change form in water), (swift swim)
a: no special abilities


You were on level 3 of the Dungeon.
You were not hungry.
You were a tree.
You visited 1 branch of the dungeon, and saw 3 of its levels.

You collected 8 gold pieces.

Inventory:

Hand Weapons
 a - a +0 trident (weapon)
Armour
 b - a +0 scale mail (melded)
 c - a +0 shield (worn)
Scrolls
 e - a scroll of identify {!r, unknown}
Potions
 g - a potion of brilliance {!q, unknown}
 h - a potion of mutation {!q, unknown}
 i - a potion of lignification {!q}
Comestibles
 f - a bread ration


   Skills:
 - Level 3.2 Fighting
 - Level 3.0 Polearms
 - Level 2.1 Armour
 + Level 2.4 Dodging
 - Level 3.0 Shields


You had one spell level left.
You didn't know any spells.

Dungeon Overview and Level Annotations

Branches:
Dungeon (3/15)

Altars:


Message History

a short sword; a kobold corpse
Found a stone staircase leading down.
h - a murky pink potion {!q}
There is a stone staircase leading down here.
You climb downwards.
A rat comes into view.
Found 2 fuming coppery potions.
There is a stone staircase leading up here.
You puncture the rat!
You kill the rat!
No target in view!
No target in view!
i - 2 fuming coppery potions {!q}
Found a spear.
Found a ring mail.
A bat comes into view.
A bat is nearby!
You block the bat's attack.
You closely miss the bat. The bat hits you.
The bat hits you but does no damage. x2
You hit the bat.
The bat is severely wounded.
You block the bat's attack. The bat hits you but does no damage.
You block the bat's attack.
You puncture the bat!
You kill the bat!
No target in view!
An orc priest comes into view.
The orc priest shouts!
An orc priest is nearby!
An orc priest is nearby!
You start waiting.
Attack whom?
Press: ? - help, Dir - move target cursor, f - orc priest
Aim: an orc priest, wearing a chain mail You reach to attack!
Your shield and scale mail prevent you from hitting the orc priest.
The orc priest invokes the aid of Beogh against you.
Pain shoots through your body!
You closely miss the orc priest.
The orc priest invokes the aid of Beogh against you.
Beogh smites you!
You hear a shout!
You puncture the orc priest!
The orc priest is heavily wounded.
The orc priest mumbles some strange prayers to Beogh against you.
Pain shoots through your body!
* * * LOW HITPOINT WARNING * * *
You are too injured to fight recklessly!
You closely miss the orc priest.
The orc priest is heavily wounded.
The orc priest barely misses you.
Unknown command.
Drink which item? (? for menu, Esc to quit)
Really quaff
i - 2 fuming coppery potions {!q}?
It was a potion of lignification {!q}.
You turn into a tree.
Your roots penetrate the ground.
The orc priest hits you.
* * * LOW HITPOINT WARNING * * *
Drink which item? (? for menu, Esc to quit)
Really quaff
d - a potion of might {!q}?
You feel very mighty all of a sudden.
The orc priest invokes the aid of Beogh against you.
Beogh smites you!
You die...

#......# #
#......####)..
#.............
#.......###.#
#.#####.# #..
#.# #.. #.# #..
#.######
##.....♣#
♣......o####..
♣♣#........o..#
♣.....####..#
♣[....# ♣######


You could see an orc priest.

Vanquished Creatures
  2 bats
  A giant cockroach (D:1)
  4 kobolds
  2 rats
9 creatures vanquished.

Notes
Turn   | Place    | Note
--------------------------------------------------------------
     0 | D:1      | Amnesiac the Merfolk Fighter began the quest for the Orb.
     0 | D:1      | Reached XP level 1. HP: 18/18 MP: 1/1
    78 | D:1      | Reached skill level 1 in Dodging
   162 | D:2      | Reached XP level 2. HP: 24/24 MP: 2/2
   218 | D:3      | Killed from afar by an orc priest

Skill      XL: |  1 |
---------------+----+-----
Dodging        | 2 |  2.4
Fighting       | |  3.2
Polearms       | |  3.0
Armour         | |  2.1
Shields        | |  3.0

Action                   || total
-------------------------++-------
Melee: Trident           ||    31
  Use: Potion            ||     2
Armor: Scale mail        ||    14
Dodge: Dodged            ||     7
Block: Shield            ||    10
